 Dungeon Crawl Stone Soup version 0.30.0 (webtiles) character file.

Game seed: 2760535437118788604

819 MothFluffs the Chopper (level 7, 0/56 HPs)
             Began as a Demonspawn Gladiator on May 6, 2023.
             Slain by an orc warrior
             ... wielding a +0 long sword of holy wrath
              (19 damage)
             ... on level 6 of the Dungeon.
             The game lasted 00:14:45 (3884 turns).

MothFluffs the Chopper (Demonspawn Gladiator)       Turns: 3884, Time: 00:14:48

Health: 0/56       AC:  9    Str: 15    XL:     7   Next: 63%
Magic:  7/7        EV: 12    Int: 11    God:
Gold:   192        SH:  0    Dex: 14    Spells: 4/6 levels left

rFire   + . .        a - +0 war axe
rCold   . . .        (no shield)
rNeg    . . .        E - +0 ring mail
rPois   +            c - +0 helmet
rElec   .            p - +0 cloak
rCorr   .            v - +0 pair of gloves
SInv    .            (no boots)
Will    .....        (no amulet)
Stlth   +            x - ring of poison resistance
HPRegen 0.29/turn    f - ring of protection from fire
MPRegen 0.10/turn

%: no passive effects
@: no status effects
A: rugged brown scales 1, foul stench 2
a: no special abilities


You were on level 6 of the Dungeon.
You visited 1 branch of the dungeon, and saw 6 of its levels.

You collected 192 gold pieces.

Inventory:

Hand Weapons
 a - a +0 war axe (weapon)
 t - the +5 dagger "Uveisen" {pain, Int+3}
   (You found it on level 2 of the Dungeon)

   Int:       It affects your intelligence (+3).
Missiles
 d - 4 throwing nets
 e - 4 javelins
 g - 9 poisoned darts
 q - 25 stones
 H - an atropa-tipped dart
 J - 3 boomerangs (quivered)
Armour
 b - a +0 leather armour
 c - a +0 helmet (worn)
 p - a +0 cloak (worn)
 v - a +0 pair of gloves (worn)
 y - a +2 tower shield
 E - a +0 ring mail (worn)
Magical Staves
 B - a staff of earth
Jewellery
 f - a ring of protection from fire (right hand)
 x - a ring of poison resistance (left hand)
 K - a ring of protection from cold
Wands
 I - a wand of quicksilver (14)
Scrolls
 o - 2 scrolls of amnesia {unknown}
 u - 4 scrolls of enchant weapon {unknown}
 z - a scroll of immolation
 A - 3 scrolls of poison {unknown}
 C - a scroll of fear {unknown}
 D - a scroll of fog {unknown}
 F - a scroll of identify
 L - a scroll of vulnerability {unknown}
Potions
 h - 2 potions of resistance
 i - a potion of haste {unknown}
 j - 2 potions of lignification
 k - 2 potions of mutation
 l - a potion of might {unknown}
 m - a potion of attraction {unknown}
 n - 2 potions of heal wounds
 r - 3 potions of flight
 s - a potion of cancellation
 w - 2 potions of invisibility {unknown}
 G - 5 potions of curing


   Skills:
 + Level 4.6 Fighting
 * Level 6.2 Axes
 - Level 1.7 Throwing
 + Level 4.7 Dodging


You had 4 spell levels left.
You knew the following spells:

 Your Spells              Type           Power      Damage    Failure   Level
p - Passwall              Tmut/Erth      0%         N/A       71%         2

Your spell library contained the following spells:

 Spells                   Type           Power      Damage    Failure   Level
 Ensorcelled Hibernation  Hex/Ice        0%         N/A       71%         2
 Scorch                   Fire           0%         2d5       71%         2
 Swiftness                Air            0%         N/A       91%         3
 Tukima's Dance           Hex            0%         N/A       91%         3
 Anguish                  Hex/Necr       0%         N/A       100%        4
 Flame Wave               Conj/Fire      0%         2d4       100%        4
 Fulminant Prism          Conj/Hex       0%         3d5       100%        4
 Passage of Golubria      Tloc           0%         N/A       100%        4
 Yara's Violent Unravell  Hex/Tmut       0%         3d3       100%        5
 Summon Cactus Giant      Summ           0%         N/A       100%        6
 Enfeeble                 Hex            0%         N/A       100%        7


Dungeon Overview and Level Annotations

Branches:
Dungeon (6/15)
 Temple: D:4-7

Altars:

Shops:
D:1 (   D:4 (:

Annotations:
D:2 1 runed translucent door, Crazy Yiuf
D:3 3 runed translucent doors, phonic's ghost, amateur TeHs
D:5 Grinder


Innate Abilities, Weirdness & Mutations

You are partially covered in rugged brown scales. (AC +1, +3% HP)
You sometimes emit foul miasma when damaged in melee.


Message History

The orc hits you but does no damage.
An orc comes into view. It is wielding a +1 hand axe of venom.
You hear a shout!
The orc wizard casts a spell at you.
The puff of flame hits you but does no damage.
The orc attacks as you move away! The orc closely misses you.
Unknown command.
You closely miss the orc. The orc misses you.
You slash the orc!
You kill the orc!
An ufetubus comes into view.
The orc wizard hits you but does no damage.
Items here: $ ) ? [.
You barely miss the orc wizard.
The orc wizard hits you but does no damage.
The orc shouts!
You hit the orc wizard.
The orc wizard is moderately wounded.
The orc wizard hits you but does no damage.
You hit the orc wizard.
The orc wizard is heavily wounded.
The orc wizard points at you and mumbles some strange words.
You resist with some effort.
You barely miss the orc wizard.
The orc wizard is heavily wounded.
The orc wizard barely misses you.
You closely miss the orc warrior.
The orc warrior unwields a +0 arbalest.
The orc warrior wields a +0 long sword of holy wrath.
It softly glows with a divine radiance!
The orc warrior barely misses you.
You hit the orc warrior.
The orc warrior is lightly wounded.
The orc warrior hits you with a +0 long sword of holy wrath!
You convulse!
You emit a cloud of foul miasma!
You hit the orc warrior but do no damage.
The orc warrior is lightly wounded.
The orc warrior is engulfed in dark miasma.
The orc warrior is poisoned.
The orc warrior seems to slow down.
The orc warrior hits you with a +0 long sword of holy wrath!
You convulse!!
You die...

# #.# #. .# ...
#.# ##.##.##.# #.#
........## .# #.#
.#......... .# ###
##.##....## .# #..
...##o....# .# #.#
#..##o5...# .# #.#
#..##o###....
.###.###.###..##@#
###
.##...##......##.#
.#.#.#.#####.###.#
......>........#.#
##.#.#.###.###.#.#
##...## #.# #...#
##.#####.###.###
#...........#
#############


You could see an orc warrior (poisoned, slow), an orc wizard, an orc and an
ufetubus.

Vanquished Creatures
  Sigmund (D:2)
  An ice beast (D:5)
  A black bear (D:6)
  2 ogres
  A scorpion (D:4)
  2 jellies
  A hound (D:5)
  2 iguanas
  2 adders
  2 shadow imps (D:5)
  A white imp (D:5)
  A worm (D:4)
  2 dart slugs
  2 orcs
  5 endoplasms
  9 goblins
  5 hobgoblins
  6 kobolds
  7 quokkas
  3 training dummies (D:4)
  7 ball pythons
  6 bats
  3 frilled lizards
  6 rats
78 creatures vanquished.

Notes
Turn   | Place    | Note
-------+----------+-------------------------------------------
     0 | D:1      | MothFluffs the Demonspawn Gladiator began the quest for the
                  | Orb.
     0 | D:1      | Reached XP level 1. HP: 16/16 MP: 1/1
   114 | D:1      | Found Lacem's Antique Weapon Shoppe.
   129 | D:1      | Reached skill level 3 in Axes
   129 | D:1      | Gained mutation: You may rarely emit foul miasma when
                  | damaged in melee. [demonic ancestry]
   129 | D:1      | Reached XP level 2. HP: 14/22 MP: 2/2
   816 | D:2      | Found a faded altar of an unknown god.
   820 | D:2      | Reached XP level 3. HP: 28/28 MP: 3/3
   860 | D:2      | Identified the +5 dagger "Uveisen" {pain, Int+3}
  1323 | D:2      | Noticed Sigmund
  1337 | D:2      | Killed Sigmund
  1338 | D:2      | Reached skill level 4 in Axes
  1338 | D:2      | Gained mutation: You sometimes emit foul miasma when
                  | damaged in melee. [demonic ancestry]
  1338 | D:2      | Reached XP level 4. HP: 27/35 MP: 4/4
  1338 | D:2      | Reached XP level 5. HP: 32/41 MP: 5/5
  1521 | D:2      | Found a runed translucent door.
  1522 | D:2      | Noticed Crazy Yiuf
  1685 | D:3      | Learned a level 2 spell: Passwall
  1840 | D:3      | Noticed phonic's ghost (amateur TeHs)
  1841 | D:3      | Found a runed translucent gate.
  1841 | D:3      | Found a runed translucent gate.
  1841 | D:3      | Found a runed translucent gate.
  2290 | D:4      | Noticed an ogre
  2318 | D:4      | Killed an ogre
  2319 | D:4      | Reached skill level 5 in Axes
  2319 | D:4      | Gained mutation: You are partially covered in rugged brown
                  | scales. (AC +1, +3% HP) [demonic ancestry]
  2319 | D:4      | Reached XP level 6. HP: 8/49 MP: 6/6
  2582 | D:4      | Found Cuoroaqu's Tremendous Tomes.
  2875 | D:4      | Found Mooreyhe's Firing Range.
  2942 | D:5      | Entered Level 5 of the Dungeon
  3080 | D:5      | Reached XP level 7. HP: 41/55 MP: 7/7
  3528 | D:5      | Noticed Grinder
  3593 | D:6      | Got the Codex of Ensnaring Abominable Secrets
  3608 | D:6      | Reached skill level 6 in Axes
  3884 | D:6      | Slain by an orc warrior

Illustrated notes

Levels and vault maps discovered:
D:1:      wander_arrival_peaceful_grave, layout_basic, serial_shops, shop
D:2:      layout_loops_ring, hellmonk_ecumenical_altar_blasted,
          uniq_crazy_yiuf_cottage, uniq_sigmund
D:3:      layout_rooms, dreamdust_divine_triumvirate,
          gammafunk_ghost_nasty_kobolds
D:4:      layout_basic, minivault_11, nicolae_shop_i_like_big_books,
          nicolae_shop_firing_range
D:5:      layout_cave_pods, kennysheep_generic_room_4, uniq_eustachio,
          uniq_grinder
D:6:      layout_loops_ring, minmay_temple_entry_glassed_door, serial_shops,
          shop_statue

Skill      XL: |  1  2  3  4  5  6  7 |
---------------+----------------------+-----
Axes           | 3 4 5 6 |  6.2
Dodging        | 3 4 |  4.7
Fighting       | 3 4 |  4.6
Throwing       | |  1.7

Action                     |  1- 3 |  4- 6 |  7- 9 || total
---------------------------+-------+-------+-------++-------
  Melee: War axe           |   102 |   106 |    53 ||   261
         Punch             |       |     1 |       ||     1
  Throw: Throwing net      |     1 |       |       ||     1
         Dart              |       |    11 |       ||    11
         Stone             |       |     9 |       ||     9
         Boomerang         |       |       |     3 ||     3
    Use: Scroll            |     4 |     2 |       ||     6
   Stab: Sleeping          |     1 |       |       ||     1
 Armour: Leather armour    |    50 |    27 |       ||    77
         Ring mail         |       |    12 |    24 ||    36
  Dodge: Dodged            |    69 |    64 |    45 ||   178
